 Dungeon Crawl Stone Soup version 0.30-a0-137-gd8773701ce (webtiles) character file.

Game seed: 11660631221466362978

27829 zishaf the Bewitcher (level 13, -12/104 HPs)
             Began as a Vampire Enchanter on Sept 22, 2022.
             Was a High Priest of Wu Jian.
             Mangled by a cane toad (36 damage)
             ... on level 4 of the Lair of Beasts.
             The game lasted 00:34:21 (15260 turns).

zishaf the Bewitcher (Vampire Enchanter)           Turns: 15260, Time: 00:34:21

Health: -12/104    AC:  7    Str:  9    XL:     13   Next: 6%
Magic:  31/34      EV:  2    Int: 25    God:    Wu Jian [*****.]
Gold:   1248       SH:  0    Dex: 29    Spells: 0/28 levels left

rFire   + . .      SeeInvis +    a - +5 dagger of Ashenzari's Esteem {drain, Drain rPois rC+ Dex+5}
rCold   + + .      Faith    .    q - +0 buckler {rC+}
rNeg    . . .      Spirit   .    E - +2 robe {rF+}
rPois   +          Reflect  +    W - +0 helmet
rElec   .          Harm     .    T - +0 cloak of Objectivity {rPois Regen+ Str+4}
rCorr   .          Rampage  .    (no gloves)
Will    +....                    d - +0 pair of boots
Stlth   +++++.....               t - amulet of reflection
HPRegen 1.27/turn                x - +6 ring of intelligence
MPRegen 0.24/turn                g - ring of magical power

@: lethally poisoned (-12 -> -15), sleeping, healing quickly, slowed
A: alive, fangs 3, see invisible, vampiric 2, agile 2
a: Exsanguinate, Renounce Religion, Wall Jump, Serpent's Lash, Heavenly Storm


You were on level 4 of the Lair of Beasts.
You worshipped Wu Jian.
Wu Jian was extremely pleased with you.
You visited 3 branches of the dungeon, and saw 16 of its levels.

You collected 1423 gold pieces.
You spent 175 gold pieces at shops.

Inventory:

Hand Weapons
 a - the +5 dagger of Ashenzari's Esteem (weapon) {drain, Drain rPois rC+ Dex+5}
   (You bought it in a shop on level 5 of the Dungeon)

   A truly terrible weapon, it drains the life of any living foe it strikes.
   Dex:       It affects your dexterity (+5).
   rC:        It protects you from cold.
   rPois:     It protects you from poison.
   Drain:     It drains your maximum health when unequipped.
 F - a +6 dagger of freezing
 N - a +0 dagger of electrocution
Missiles
 r - 6 curare-tipped darts (quivered)
Armour
 d - a +0 pair of boots (worn)
 q - a +0 buckler of cold resistance (worn)
 E - a +2 robe of fire resistance (worn)
 T - the +0 cloak of Objectivity (worn) {rPois Regen+ Str+4}
   (You found it on level 1 of the Lair of Beasts)

   Str:       It affects your strength (+4).
   rPois:     It protects you from poison.
   Regen:     It increases your rate of health regeneration.
 W - a +0 helmet (worn)
Jewellery
 b - a ring of fire
 g - a ring of magical power (right hand)
 t - an amulet of reflection (around neck)
 x - a +6 ring of intelligence (left hand)
 K - an amulet of regeneration
 Q - a ring of protection from cold
Wands
 n - a wand of roots (15)
 A - a wand of charming (16)
 D - a wand of quicksilver (6)
 J - a wand of flame (29)
 R - a wand of polymorph (1)
 Y - a wand of mindburst (8)
Scrolls
 e - a scroll of silence
 h - 4 scrolls of poison
 s - 3 scrolls of amnesia
 y - 4 scrolls of magic mapping
 C - a scroll of blinking
 H - a scroll of summoning
 I - 4 scrolls of teleportation
 P - 2 scrolls of enchant weapon
 X - a scroll of enchant armour {unknown}
Potions
 c - 7 potions of invisibility
 f - a potion of ambrosia
 i - 4 potions of flight
 k - 4 potions of haste
 l - a potion of cancellation
 m - 2 potions of berserk rage
 o - 4 potions of lignification
 u - a potion of mutation
 v - 5 potions of heal wounds
 w - 7 potions of curing
 z - a potion of brilliance {unknown}
 B - 2 potions of resistance
 O - a potion of magic {unknown}
 U - 3 potions of might
 V - a potion of attraction {unknown}
Miscellaneous
 L - a condenser vane


   Skills:
 + Level 10.7 Fighting
 - Level 6.1(7.0) Short Blades
 - Level 4.7(6.0) Long Blades
 - Level 3.2 Dodging
 - Level 10.0 Stealth
 - Level 4.0 Shields
 - Level 8.0 Spellcasting
 + Level 16.7 Hexes
 - Level 3.0 Ice Magic
 + Level 4.1 Earth Magic
 - Level 4.0 Evocations


You couldn't memorise any spells.
You knew the following spells:

 Your Spells              Type           Power      Damage    Failure   Level
a - Ensorcelled Hibernat  Hex/Ice        100%       N/A       1%          2
b - Tukima's Dance        Hex            76%        N/A       1%          3
c - Dazzling Flash        Conj/Hex       100%       N/A       1%          3
d - Lee's Rapid Deconstr  Erth           15%        3d11*     36%         5
e - Cause Fear            Hex            38%        N/A       1%          4
f - Discord               Hex            38%        N/A       45%         8
A - Confusing Touch       Hex            76%        N/A       1%          3

Your spell library contained the following spells:

 Spells                   Type           Power      Damage    Failure   Level
 Inner Flame              Hex/Fire       51%        N/A       1%          3
 Portal Projectile        Hex/Tloc       100%       N/A       1%          3
 Fulminant Prism          Conj/Hex       25%        3d14      2%          4
 Foxfire                  Conj/Fire      40%        2x1d6     8%          1
 Kindle Blastsparks       Fire/Tloc/Air  20%        2d11      22%         3
 Airstrike                Air            5%         2d(1-17)  58%         4
 Flame Wave               Conj/Fire      10%        2d6       58%         4
 Iskenderun's Mystic Bla  Conj/Tloc      10%        2d4       58%         4
 Summon Lightning Spire   Summ/Air       10%        N/A       58%         4
 Blade Hands              Tmut           5%         N/A       91%         5
 Lightning Bolt           Conj/Air       5%         1d17      91%         5
 Storm Form               Tmut/Air       5%         N/A       100%        7
 Maxwell's Capacitive Co  Air            5%         ∞         100%        8


Dungeon Overview and Level Annotations

Branches:
Dungeon (11/15)            Temple (1/1) D:5            Lair (4/5) D:8
 Shoals (0/4) Lair:2       Spider (0/4) Lair:2          Orc (0/2) D:9
  Slime: Lair:4-5

Altars:
Ashenzari
Cheibriados
Dithmenos
Fedhas
Gozag
Hepliaklqana
Kikubaaqudgha
Makhleb
Nemelex Xobeh
Okawaru
Qazlal
Ru
Sif Muna
Trog
Uskayaw
Vehumet
Wu Jian
Xom
Yredelemnul

Shops:
D:5 *(*?   D:6 =   D:7 =   D:10 :

Annotations:
D:6 1 runed translucent door


Innate Abilities, Weirdness & Mutations

Your natural rate of healing is accelerated.
You have razor-sharp teeth.
You have supernaturally acute eyesight. (SInv)
You are afflicted with vampirism and can become a bat while bloodless.
You are very agile. (Dex +8, Str/Int -2)


Message History

Aim: a dream sheep (chance to affect: 63%)
The dream sheep resists with significant effort.
You block the dream sheep's attack. The dream sheep closely misses you.
The dream sheep ruffle their wool and motes of dream dust sparkle, to no effect.
Casting: Ensorcelled Hibernation (safe; 1% risk of failure)
Confirm with . or Enter, or press ? or * to list all spells.
Aiming: Ensorcelled Hibernation (safe; 1% risk of failure)
Press: ? - help, Shift-Dir - straight line, f/p - dream sheep
Aim: a dream sheep (chance to affect: 63%)
The dream sheep looks drowsy...
You block the dream sheep's attack.
Unknown command.
The helpless dream sheep fails to defend itself.
You skewer the dream sheep like a kebab!!!!
You kill the dream sheep!
The Council accepts your kill.
Casting: Ensorcelled Hibernation (safe; 1% risk of failure)
Confirm with . or Enter, or press ? or * to list all spells.
Aiming: Ensorcelled Hibernation (safe; 1% risk of failure)
Press: ? - help, Shift-Dir - straight line, f - cane toad
Aim: a cane toad (chance to affect: 71%)
The cane toad looks drowsy...
The torpor snail bites you!
The dream sheep shake their wool and sparkle.
You feel drowsy...
You fall asleep.
The torpor snail bites you!!!
You wake up.
The dream sheep bites you but does no damage.
You spin and attack the dream sheep.
You hit the dream sheep.
The dream sheep is moderately wounded.
The cane toad barely misses you. The cane toad attacks as you move away!
The cane toad stings you but does no damage.
You block the cane toad's attack. The cane toad attacks as you move away!
The cane toad stings you!!
* * * LOW HITPOINT WARNING * * *
You are poisoned.
The cane toad poisons you!
You feel very sick.
The dream sheep shake their wool and sparkle.
You feel drowsy...
You fall asleep.
The cane toad stings you!!!
You die...

... ###..###......
##.....#........ ###
###......#.........
###.###...<..............
##.#.##...................
.(..##....................
.....#....................
................@.........
.................F........
.................#wY).....
.................#Y.......
....######.....###.†......
..### ###P.## #........ ..
#### #........ ..
#........ .........


You could see a torpor snail, a cane toad and 2 dream sheep.

Vanquished Creatures
  A hydra (Lair:2)
  A centaur warrior (D:9)
  A two-headed ogre (D:9)
  A skeletal warrior (D:10)
  The ghost of blackman the Shield-Bearer, a novice GnFi (D:6)
  Lodul (D:11)
  Pikel (D:8)
  A cyclops (D:9)
  A wolf spider (Lair:2)
  An oklob plant (Lair:1)
  A manticore (D:9)
  2 black mambas
  Maurice (D:8)
  6 cane toads
  A rime drake (Lair:4)
  Maggie (D:10)
  2 komodo dragons
  3 trolls
  A polar bear (Lair:3)
  11 blink frogs
  A dream sheep (Lair:4)
  A vampire (D:10)
  2 water elementals (D:11)
  2 wyverns
  2 wraiths (D:10)
  35 yaks
  3 basilisks
  2 steam dragons
  Menkaure (D:7)
  A warg (D:9)
  An acid dragon (D:9)
  13 water moccasins
  5 orc warriors
  4 ice beasts
  2 sky beasts (D:6)
  2 black bears
  25 wolves
  11 ogres
  2 centaurs
  A phantom (D:5)
  2 kobold brigands
  3 bullfrogs
  A gnoll sergeant (D:10)
  A necrophage (D:7)
  2 scorpions (D:5)
  5 wights
  2 killer bees (D:9)
  4 howler monkeys
  6 electric eels
  2 gnoll boudas
  6 hounds
  2 orc priests
  2 jellies (D:7)
  An iguana (D:6)
  10 orc wizards
  13 gnolls
  A river rat (D:6)
  4 adders
  2 shadow imps
  4 white imps
  An ufetubus (D:6)
  7 worms
  2 dart slugs
  37 orcs
  6 ball pythons
  4 endoplasms
  3 giant cockroaches
  7 goblins
  11 hobgoblins
  2 jackals (D:3)
  5 quokkas
  4 bats
  3 frilled lizards
  14 kobolds
  5 rats
  A butterfly (Lair:3)
340 creatures vanquished.

Vanquished Creatures (collateral kills)
  A manticore (D:10)
  4 wights
5 creatures vanquished.

Vanquished Creatures (others)
  8 fungi
  14 plants
22 creatures vanquished.

Grand Total: 367 creatures vanquished

Notes
Turn   | Place    | Note
-------+----------+-------------------------------------------
     0 | D:1      | zishaf the Vampire Enchanter began the quest for the Orb.
     0 | D:1      | Reached XP level 1. HP: 13/13 MP: 3/3
    38 | D:1      | Found a faded altar of an unknown god.
   130 | D:1      | Reached XP level 2. HP: 20/20 MP: 5/5
   382 | D:1      | Learned a level 2 spell: Ensorcelled Hibernation
   603 | D:1      | Reached skill level 1 in Fighting
   896 | D:2      | Gained mutation: You are afflicted with vampirism and can
                  | become a bat while bloodless. [Vampire growth]
   896 | D:2      | Reached XP level 3. HP: 26/26 MP: 6/6
   911 | D:2      | Learned a level 3 spell: Confusing Touch
  1019 | D:2      | Reached skill level 5 in Hexes
  1105 | D:2      | Reached skill level 5 in Stealth
  1853 | D:3      | Reached XP level 4. HP: 29/32 MP: 4/7
  2137 | D:3      | Found a basalt altar of Yredelemnul.
  2320 | D:3      | Found a shadowy altar of Dithmenos.
  2373 | D:3      | Found a bloodstained altar of Trog.
  2408 | D:3      | Identified the +1 leather armour of Summer {Int+2}
  2607 | D:3      | Reached skill level 1 in Ice Magic
  3047 | D:3      | Found a sacrificial altar of Ru.
  3238 | D:4      | Reached XP level 5. HP: 38/38 MP: 8/8
  3586 | D:5      | Entered Level 5 of the Dungeon
  3586 | D:5      | Noticed an ice beast
  3587 | D:5      | Killed an ice beast
  3594 | D:5      | Reached skill level 6 in Hexes
  3594 | D:5      | Reached XP level 6. HP: 44/44 MP: 9/9
  4226 | D:5      | Reached XP level 7. HP: 51/51 MP: 5/10
  4438 | D:5      | Found a staircase to the Ecumenical Temple.
  4443 | Temple   | Entered the Ecumenical Temple
  4450 | Temple   | Became a worshipper of the Wu Jian Council
  4465 | D:5      | Reached skill level 1 in Shields
  4614 | D:5      | Found Erphosofu's Assorted Antiques.
  4618 | D:5      | Found Buim Von's Magic Scroll Shoppe.
  4619 | D:5      | Found Umisapp's General Store.
  4620 | D:5      | Found Fussyexeoq's Antique Weapon Boutique.
  4640 | D:5      | Bought a transparent dagger for 175 gold pieces
  4640 | D:5      | Identified the +5 dagger of Ashenzari's Esteem {drain,
                  | Drain rPois rC+ Dex+5} (You bought it in a shop on level 5
                  | of the Dungeon)
  4780 | D:5      | Learned a level 3 spell: Tukima's Dance
  5105 | D:5      | Reached skill level 7 in Hexes
  5222 | D:6      | Reached XP level 8. HP: 58/58 MP: 12/12
  5262 | D:6      | Found Ithrarol's Jewellery Emporium.
  5337 | D:6      | Found a runed translucent door.
  5340 | D:6      | Noticed blackman's ghost (novice GnFi)
  5380 | D:6      | Killed blackman's ghost
  5381 | D:6      | Reached skill level 5 in Short Blades
  5381 | D:6      | Reached skill level 8 in Hexes
  5442 | D:6      | Found a runed translucent door.
  5629 | D:6      | Reached XP level 9. HP: 66/66 MP: 13/13
  5797 | D:6      | Reached * piety under Wu Jian
  5833 | D:6      | Reached skill level 9 in Hexes
  6263 | D:7      | Found a stormy altar of Qazlal.
  6285 | D:7      | Reached skill level 5 in Fighting
  6501 | D:7      | Gained mutation: You are agile. (Dex +4, Str/Int -1)
                  | [potion of mutation]
  6501 | D:7      | Gained mutation: You are very agile. (Dex +8, Str/Int -2)
                  | [potion of mutation]
  6580 | D:7      | Found Hiogorch's Jewellery Emporium.
  6617 | D:7      | Noticed Menkaure
  6623 | D:7      | Killed Menkaure
  6624 | D:7      | Reached skill level 1 in Long Blades
  6624 | D:7      | Reached skill level 10 in Stealth
  6624 | D:7      | Reached skill level 1 in Evocations
  7236 | D:8      | Noticed Maurice
  7243 | D:8      | Killed Maurice
  7244 | D:8      | Reached skill level 10 in Hexes
  7338 | D:8      | Reached ** piety under Wu Jian
  7522 | D:8      | Reached XP level 10. HP: 73/76 MP: 14/14
  7567 | D:8      | Noticed Pikel
  7603 | D:8      | Killed Pikel
  7666 | D:8      | Reached skill level 11 in Hexes
  7781 | D:8      | Found a staircase to the Lair.
  7863 | D:8      | Found an iron altar of Okawaru.
  8587 | D:8      | Reached *** piety under Wu Jian
  8743 | D:9      | Reached skill level 12 in Hexes
  8840 | D:9      | Found a staircase to the Orcish Mines.
  8967 | D:9      | Found a snail-covered altar of Cheibriados.
  8989 | D:9      | Reached XP level 11. HP: 84/84 MP: 16/16
  9217 | D:9      | Found a shimmering altar of Xom.
  9281 | D:9      | Noticed a two-headed ogre
  9315 | D:9      | Killed a two-headed ogre
  9497 | D:9      | Noticed a centaur warrior
  9501 | D:9      | Killed a centaur warrior
  9502 | D:9      | Reached skill level 13 in Hexes
  9658 | D:10     | Entered Level 10 of the Dungeon
  9697 | D:10     | Found a sparkling altar of Nemelex Xobeh.
  9778 | D:10     | Reached skill level 5 in Spellcasting
  9898 | D:10     | Found Plog's Book Shoppe.
  9925 | D:10     | Noticed Maggie
  9927 | D:10     | Killed Maggie
 10048 | D:10     | Reached **** piety under Wu Jian
 10074 | D:10     | Found a radiant altar of Vehumet.
 10782 | D:11     | Noticed a skeletal warrior
 10782 | D:11     | Noticed a skeletal warrior
 10796 | D:10     | Killed a skeletal warrior
 10797 | D:10     | Reached skill level 14 in Hexes
 10881 | D:10     | Learned a level 3 spell: Dazzling Flash
 10894 | D:11     | Noticed Lodul
 11204 | D:11     | Killed Lodul
 11502 | D:11     | Reached XP level 12. HP: 57/95 MP: 18/22
 11739 | Lair:1   | Entered Level 1 of the Lair of Beasts
 11837 | Lair:1   | Identified the +0 cloak of Objectivity {rPois Regen+ Str+4}
 12046 | Lair:1   | Reached skill level 15 in Hexes
 12109 | Lair:1   | Reached ***** piety under Wu Jian
 12584 | Lair:1   | Learned a level 5 spell: Lee's Rapid Deconstruction
 13097 | Lair:2   | Reached skill level 10 in Fighting
 13181 | Lair:2   | Found a staircase to the Shoals.
 13207 | Lair:2   | Noticed an eight-headed hydra
 13217 | Lair:2   | Killed an eight-headed hydra
 13218 | Lair:2   | Reached skill level 1 in Earth Magic
 13442 | Lair:2   | Learned a level 4 spell: Cause Fear
 13494 | Lair:2   | Found a hole to the Spider Nest.
 13750 | Lair:1   | Reached skill level 16 in Hexes
 15128 | Lair:3   | Reached XP level 13. HP: 93/104 MP: 25/25
 15151 | Lair:3   | Learned a level 8 spell: Discord
 15260 | Lair:4   | Mangled by a cane toad

Illustrated notes

Levels and vault maps discovered:
D:1:      minmay_arrival_semitransparent, layout_loops_ring,
          ebering_ecumenical_altar_sacrificial
D:2:      minmay_chambers_of_ones, layout_basic
D:3:      layout_basic, mainiacjoe_overflow_paths,
          grunt_dithmenos_smoke_and_mirrors, mainiacjoe_overflow_alcove_1,
          marbit_many_paths, grunt_ministairs_9, minmay_misc_feat_secret_circle,
          corner_web_ring
D:4:      layout_rooms
D:5:      layout_loops_corners, temple_doors_e, kennysheep_small_spiral,
          grunt_ministairs_6, chequers_serial_rivers_room_b,
          kennysheep_minor_cross, nicolae_wooded_promenade
D:6:      layout_loops_cross, nicolae_elyvilon_temple_path, serial_shops, shop,
          ebering_ghost_sewer_f, hangedman_decor_points, grunt_decor_junction,
          minmay_misc_feat_chi
D:7:      layout_gridville, grunt_qazlal_clouds, serial_shops,
          nicolae_shop_hallway_stairs, hangedman_decor_diamond_cutter,
          uniq_menkaure
D:8:      layout_basic, okawaru_metal_pillars_3, erik_lair_island,
          lightli_minifort, uniq_maurice, uniq_pikel
D:9:      layout_basic, mainiacjoe_overflow_24_doors,
          mainiacjoe_overflow_alcove_2, david_orc_3,
          minmay_fractal_squares_gapless_7
D:10:     layout_cave_pods, mainiacjoe_overflow_concentric_impassable,
          lemuel_crystal_altar, nemelex_spade_bored_becter, serial_shops, shop,
          minivault_4, uniq_maggie
D:11:     layout_basic, minmay_joined_circles, uniq_lodul
Temple:   hellmonk_temple_micro_hex
Lair:1:   layout_cave_pods, chequers_serial_rivers_micro_e, lemuel_oklob_altar
Lair:2:   layout_regular_city, elwin_shoals_entry_rocks,
          spider_nest_entry_rubble
Lair:3:   layout_cave_pods, serial_bayou_shore_b, lemuel_fruit_fields
Lair:4:   layout_gridlike, nzn_ghost_randoct, chequers_serial_rivers_large_a,
          uniq_urug

Skill      XL: |  1  2  3  4  5  6  7  8  9 10 11 12 13 |
---------------+----------------------------------------+-----
Fighting       | 1 2 3 4 5 7 9 10 | 10.7
Short Blades   | 2 3 4 5 6 |  6.1
Hexes          | 5 6 7 8 10 12 14 16 | 16.7
Stealth        | 5 6 7 9 10 | 10.0
Ice Magic      | 1 2 3 |  3.0
Shields        | 2 3 4 |  4.0
Spellcasting   | 3 6 8 |  8.0
Long Blades    | 3 4 |  4.7
Evocations     | 2 4 |  4.0
Earth Magic    | 3 4 |  4.1
Dodging        | 3 |  3.2

Action                   |  1- 3 |  4- 6 |  7- 9 | 10-12 | 13-15 || total
-------------------------+-------+-------+-------+-------+-------++-------
Melee: Dagger            |    90 |   108 |   167 |   342 |     9 ||   716
       Bite              |     5 |     7 |    15 |    41 |     1 ||    69
       Punch             |       |     1 |       |       |       ||     1
Throw: Dart              |       |       |       |     1 |       ||     1
 Cast: Ensorcelled Hiber |     3 |    34 |    41 |   194 |     9 ||   281
       Confusing Touch   |       |       |     5 |     8 |       ||    13
       Tukima's Dance    |       |       |     6 |     4 |       ||    10
       Dazzling Flash    |       |       |       |     2 |       ||     2
Invok: Lunge             |       |       |    33 |    30 |     1 ||    64
       Whirlwind         |       |       |     6 |    33 |     1 ||    40
Evoke: Wand              |       |       |       |     8 |       ||     8
  Use: Scroll            |       |    12 |     6 |     5 |       ||    23
       Potion            |       |       |     1 |       |       ||     1
 Stab: Sleeping          |    20 |    26 |    42 |   126 |     4 ||   218
       Confused          |       |       |     5 |     7 |       ||    12
       Distracted        |       |       |     1 |       |       ||     1
       Invisible         |       |       |       |     2 |       ||     2
       Betrayed ally     |       |       |       |     1 |       ||     1
Armor: Robe              |    18 |     4 |     3 |    34 |     4 ||    63
       Leather armour    |       |    12 |     2 |       |       ||    14
Dodge: Dodged            |    39 |    40 |    35 |   156 |     6 ||   276
Block: Other             |       |     9 |       |       |       ||     9
       Buckler           |       |     5 |    51 |   185 |     8 ||   249
       Reflection        |       |       |     7 |     3 |       ||    10

Table legend: (Time is in decaauts)
 A = Elapsed time spent in this place.
 B = Non-inter-level travel time spent in this place.
 C = Inter-level travel time spent in this place.
 D = Time resting spent in this place.
 E = Time spent auto-exploring this place.
 F = Levels seen in this place.
 G = Mean time per level.
                   A        B        C        D        E       F      G
               +--------+--------+--------+--------+--------+-----+--------+
         Total |  15155 |  14369 |    786 |   1100 |  10428 |  16 |  947.2 |
       Dungeon |  11645 |  10955 |    690 |    793 |   7957 |  11 | 1058.6 |
        Temple |     14 |      8 |      6 |      0 |      0 |   1 |   14.0 |
          Lair |   3495 |   3406 |     89 |    307 |   2470 |   4 |  873.8 |
               +--------+--------+--------+--------+--------+-----+--------+

Top non-repeatable levels by time:
    D:10: 1500 daAuts
     D:5: 1453 daAuts
     D:8: 1432 daAuts
  Lair:1: 1402 daAuts
     D:3: 1236 daAuts
     D:2: 1182 daAuts
     D:6: 1065 daAuts
     D:9: 1006 daAuts
  Lair:2: 983 daAuts
     D:7: 953 daAuts
  Lair:3: 931 daAuts
     D:1: 709 daAuts
     D:4: 560 daAuts
    D:11: 544 daAuts
  Lair:4: 177 daAuts
